 Dungeon Crawl Stone Soup version 0.26-a0-958-gf3041fb45f (webtiles) character file.

Game seed: 11974063297021701928

10067 lunkers the Fighter (level 11, -1/117 HPs)
             Began as a Deep Dwarf Necromancer on Dec 1, 2020.
             Was a High Priest of Makhleb.
             Killed from afar by a necromancer (26 damage)
             ... with a bolt of fire
             ... on level 9 of the Dungeon.
             The game lasted 00:37:20 (14418 turns).

lunkers the Fighter (Deep Dwarf Necromancer)       Turns: 14418, Time: 00:37:21

Health: -1/117     AC: 28    Str: 14    XL:     11   Next: 31%
Magic:  14/21 (12) EV: 10    Int: 24    God:    Makhleb [*****.]
Gold:   751        SH:  4    Dex: 13    Spells: 9/13 levels left

rFire    . . .     SeeInvis .   o - +2 mace (protect)
rCold    + . .     Faith    .   k - +0 buckler
rNeg     + . .     Spirit   .   w - +7 chain mail of Too Many Cooks {rC+}
rPois    +         Reflect  .   I - +2 hat
rElec    .         Harm     .   B - +0 cloak
rCorr    +         Rampage  .   (no gloves)
MR       +....                  m - +1 pair of boots
Stlth    ..........             K - amulet of the acrobat
HPRegen  0.00/turn              c - ring "Baelorer" {rPois rCorr MP+9 Int+3}
MPRegen  0.17/turn              r - ring of Idealism {rN+ EV+4 Int+4}

@: protection aura, very slightly contaminated, non-regenerating, studying
Transmutations, heavily drained
A: damage resistance, heal wounds, sense surroundings 2, no regeneration
a: Heal Wounds, Minor Destruction, Lesser Servant of Makhleb, Major Destruction,
Greater Servant of Makhleb, Renounce Religion


You were on level 9 of the Dungeon.
You worshipped Makhleb.
Makhleb was extremely pleased with you.
You visited 1 branch of the dungeon, and saw 11 of its levels.

You collected 751 gold pieces.

Inventory:

Hand Weapons
 o - a +2 mace of protection (weapon)
Armour
 b - a +0 helmet
 d - a +0 leather armour of magic resistance
 g - a +0 ring mail of fire resistance
 k - a +0 buckler (worn)
 m - a +1 pair of boots (worn)
 w - the +7 chain mail of Too Many Cooks (worn) {rC+}
   (You found it on level 6 of the Dungeon)

   It protects you from cold.
 B - a +0 cloak (worn)
 I - a +2 hat (worn)
Jewellery
 c - the ring "Baelorer" (left hand) {rPois rCorr MP+9 Int+3}
   (You found it on level 9 of the Dungeon)

   [ring of resist corrosion]

   It affects your intelligence (+3).
   It protects you from poison.
   It affects your magic capacity (+9).
   It provides partial protection from all sources of acid and corrosion.
 r - the ring of Idealism (right hand) {rN+ EV+4 Int+4}
   (You found it on level 7 of the Dungeon)

   [ring of evasion]

   It affects your evasion (+4).
   It affects your intelligence (+4).
   It protects you from negative energy.
 y - an uncursed ring of protection from fire
 K - an amulet of the acrobat (around neck)
Wands
 n - a wand of digging (3)
 D - a wand of enslavement (5)
Scrolls
 e - a scroll of fear
 f - 3 scrolls of enchant armour
 h - 3 scrolls of enchant weapon
 q - a scroll of teleportation
 v - 6 scrolls of amnesia
 E - 6 scrolls of identify
 F - a scroll of remove curse
 H - a scroll of blinking
Potions
 a - a potion of invisibility
 i - a potion of cancellation
 j - 4 potions of lignification
 l - 2 potions of berserk rage
 p - 3 potions of curing
 s - a potion of attraction
 t - 2 potions of ambrosia
 u - a potion of brilliance
 x - a potion of heal wounds
 z - 3 potions of flight
 A - a potion of magic
 G - a potion of resistance
Books
 C - a manual of Transmutations


   Skills:
 + Level 13.0(11.5) Fighting
 - Level 4.0(2.8) Maces & Flails
 - Level 5.0(3.8) Armour
 - Level 2.1(1.1) Dodging
 - Level 2.4(1.3) Stealth
 - Level 4.0(2.8) Shields
 - Level 1.7(0.6) Spellcasting
 - Level 8.0(6.7) Necromancy
 - Level 5.0(3.8) Evocations


You had 9 spell levels left.
You knew the following spells:

 Your Spells              Type           Power        Failure   Level
a - Vampiric Draining     Necr           ####......   56%         3
p - Pain                  Necr           ####         24%         1

Your spell library contained the following spells:

 Spells                   Type           Power        Failure   Level
 Animate Skeleton         Necr           ####..       24%         1
 Animate Dead             Necr           ####......   93%         4
 Apportation              Tloc           #.....       98%         1
 Corona                   Hex            #......      98%         1
 Freeze                   Ice            #...         98%         1
 Shock                    Conj/Air       #...         98%         1
 Sting                    Tmut/Pois      #...         98%         1
 Summon Small Mammal      Summ           #...         98%         1
 Ensorcelled Hibernation  Hex/Ice        #.....       99%         2
 Poisonous Vapours        Pois/Air       #.....       99%         2
 Swiftness                Air            #.......     99%         2
 Confusing Touch          Hex            #.......     100%        3
 Dazzling Flash           Conj/Hex       #.....       100%        3
 Frozen Ramparts          Ice            #.....       100%        3
 Ignite Poison            Fire/Tmut/Pois #.......     100%        3
 Mephitic Cloud           Conj/Pois/Air  #.......     100%        3
 Ozocubu's Armour         Ice            #.......     100%        3
 Static Discharge         Conj/Air       #.......     100%        3
 Tukima's Dance           Hex            #.......     100%        3
 Airstrike                Air            #.........   100%        4
 Hailstorm                Conj/Ice       #.......     100%        4
 Olgreb's Toxic Radiance  Pois           #.......     100%        4
 Summon Ice Beast         Ice/Summ       #.......     100%        4
 Agony                    Necr           ####....     100%        5
 Bolt of Magma            Conj/Fire/Erth #.........   100%        5
 Iskenderun's Battlesphe  Conj           #.......     100%        5
 Lightning Bolt           Conj/Air       #.........   100%        5
 Iron Shot                Conj/Erth      #.........   100%        6
 Orb of Destruction       Conj           #.........   100%        7
 Spellforged Servitor     Conj/Summ      #.........   100%        7


Dungeon Overview and Level Annotations

Branches:
Dungeon (11/15)            Temple (0/1) D:7            Lair (0/6) D:11
    Orc (0/2) D:11

Altars:
Dithmenos
Elyvilon
Fedhas
Gozag
Kikubaaqudgha
Makhleb
Okawaru
Qazlal
Trog
Uskayaw
Yredelemnul
Zin
The Shining One

Shops:
D:8 =


Innate Abilities, Weirdness & Mutations

You are resistant to damage.
You can heal yourself by infusing magical energy.
You passively map the area around you.
You do not regenerate.


Message History

You sock the necromancer!
The necromancer is heavily wounded.
The necromancer gestures wildly while chanting.
The necromancer binds the souls of nearby monsters.
Unknown command.
You miss the necromancer.
The necromancer is heavily wounded.
The necromancer hits you but does no damage.
Unknown command.
Unknown command.
You barely miss the necromancer.
The necromancer is heavily wounded.
The necromancer gestures at you while chanting.
You resist with some effort.
You hit the necromancer.
The necromancer is heavily wounded.
You block the necromancer's attack.
The necromancer points at you and mumbles some strange words.
The bolt of fire hits you!!
You die...

.# #...# #.#.#'#.#.#..#......
.#*###...######..#.#..##..#.>....
.., .........##.......##.........
, , ,........###########.........
, **#.................###.......
#.................# #..####. .#
#.................# #..# #. .#
#..........p......# #..# #. .#
#..........@......# #..# #. .#
#.................# #..# #. .#
#.................# #..# #.
.#####.................# #..####.
............[..........###.......
........................[........
#################################


You could see a necromancer.

Vanquished Creatures
  2 ugly things (D:11)
  A manticore (D:11)
  4 flying skulls (D:9)
  4 shadows
  15 yaks
  Sigmund (D:3)
  A wraith (D:9)
  A water moccasin (D:11)
  A hornet zombie (D:9)
  2 ice beasts
  A sky beast (D:8)
  2 black bears
  A necrophage (D:5)
  2 eyes of draining
  3 orc warriors
  5 phantoms
  5 ogres
  5 centaurs
  6 bullfrogs
  2 big kobolds
  2 water moccasin zombies (D:9)
  2 wyvern skeletons (D:9)
  5 scorpions
  A killer bee (D:4)
  5 howler monkeys
  2 wights (D:9)
  3 bullfrog zombies
  2 lava snakes (D:8)
  A gnoll shaman (D:7)
  2 hounds
  3 jellies
  4 centaur skeletons
  4 orc wizards
  3 bullfrog skeletons
  2 iguanas
  8 worker ants
  A killer bee zombie (D:5)
  2 hound skeletons
  4 worker ant zombies
  A howler monkey zombie (D:7)
  5 gnolls (D:7)
  15 adders
  2 shadow imps
  8 white imps
  2 ufetubi
  An ooze (D:4)
  5 adder skeletons
  2 adder zombies
  A worm (D:2)
  3 dart slugs
  6 leopard geckos
  26 orcs
  7 giant cockroaches
  8 goblins
  9 hobgoblins
  17 jackals
  19 kobolds
  6 quokkas
  2 ball pythons (D:1)
  3 bats
  4 frilled lizards
  A jackal skeleton (D:6)
  A leopard gecko skeleton (D:4)
  A quokka skeleton (D:5)
  A quokka zombie (D:9)
  9 rats
285 creatures vanquished.

Notes
Turn   | Place    | Note
-------+----------+-------------------------------------------
     0 | D:1      | lunkers the Deep Dwarf Necromancer began the quest for the
                  | Orb.
     0 | D:1      | Reached XP level 1. HP: 15/15 MP: 3/3
   253 | D:1      | Reached XP level 2. HP: 16/22 MP: 0/4
   348 | D:1      | Reached skill level 5 in Necromancy
   939 | D:2      | Reached XP level 3. HP: 20/28 MP: 2/5
  1591 | D:2      | Found a burning altar of Makhleb.
  1595 | D:2      | Found a glowing silver altar of Zin.
  1596 | D:2      | Noticed an angel
  1596 | D:2      | Noticed a blizzard demon
  1699 | D:2      | Became a worshipper of Makhleb the Destroyer
  1835 | D:2      | Learned a level 3 spell: Vampiric Draining
  2151 | D:3      | Reached XP level 4. HP: 13/36 MP: 2/6
  2364 | D:3      | Found a bloodstained altar of Trog.
  2538 | D:3      | Noticed Sigmund
  2541 | D:3      | Killed Sigmund
  2542 | D:3      | Reached XP level 5. HP: 16/42 MP: 7/7
  2770 | D:3      | Found a glowing golden altar of the Shining One.
  3523 | D:4      | Got a smoking marble ring
  3572 | D:4      | Reached skill level 1 in Evocations
  3572 | D:4      | Reached XP level 6. HP: 38/49 MP: 1/8
  3812 | D:4      | Reached skill level 1 in Fighting
  3886 | D:4      | Found an opulent altar of Gozag.
  4195 | D:4      | Reached skill level 2 in Fighting
  4322 | D:4      | Reached XP level 7. HP: 11/61 MP: 2/9
  4632 | D:4      | Identified the cursed ring "Urghub" {AC-4 Str+3} (You found
                  | it on level 4 of the Dungeon)
  4661 | D:5      | Entered Level 5 of the Dungeon
  4728 | D:5      | Reached * piety under Makhleb
  4772 | D:5      | Reached skill level 1 in Shields
  4981 | D:5      | Reached skill level 3 in Fighting
  5958 | D:5      | Reached skill level 4 in Fighting
  6116 | D:5      | Reached XP level 8. HP: 57/73 MP: 10/10
  6323 | D:5      | Reached skill level 5 in Fighting
  6707 | D:6      | Found a basalt altar of Yredelemnul.
  6707 | D:6      | Found a hide-covered altar of Uskayaw.
  6903 | D:6      | Reached ** piety under Makhleb
  7123 | D:6      | Got a translucent chain mail
  7134 | D:6      | Identified the +7 chain mail of Too Many Cooks {rC+} (You
                  | found it on level 6 of the Dungeon)
  7178 | D:6      | Found a white marble altar of Elyvilon.
  7277 | D:6      | Reached skill level 6 in Fighting
  7526 | D:7      | Found a blossoming altar of Fedhas.
  7857 | D:7      | Found an iron altar of Okawaru.
  7890 | D:7      | Reached skill level 7 in Fighting
  8251 | D:7      | Got a brightly glowing brass ring
  8255 | D:7      | Identified the ring of Idealism {rN+ EV+4 Int+4} (You found
                  | it on level 7 of the Dungeon)
  8428 | D:7      | Reached skill level 8 in Fighting
  8428 | D:7      | Gained mutation: You passively map the area around you.
                  | [Deep Dwarf growth]
  8428 | D:7      | Reached XP level 9. HP: 37/88 MP: 11/11
  8577 | D:7      | Found a staircase to the Ecumenical Temple.
  8617 | D:7      | Reached skill level 1 in Maces & Flails
  8617 | D:7      | Reached skill level 1 in Armour
  9270 | D:8      | Reached *** piety under Makhleb
  9360 | D:8      | Found a shadowy altar of Dithmenos.
  9688 | D:8      | You fall into a shaft and drop 3 floors!
  9697 | D:11     | Found a staircase to the Orcish Mines.
  9912 | D:11     | Found a staircase to the Lair.
 10187 | D:11     | Noticed a manticore
 10227 | D:11     | Reached skill level 9 in Fighting
 10240 | D:11     | Killed a manticore
 10241 | D:11     | Reached skill level 5 in Armour
 10241 | D:11     | Reached XP level 10. HP: 35/99 MP: 2/12
 10502 | D:11     | Reached skill level 5 in Evocations
 10564 | D:11     | Noticed a green ugly thing
 10566 | D:11     | Noticed a white ugly thing
 10579 | D:11     | Killed a purple ugly thing
 10580 | D:11     | Reached skill level 10 in Fighting
 10582 | D:11     | Killed a green ugly thing
 10944 | D:11     | Found a stormy altar of Qazlal.
 11227 | D:11     | Reached skill level 11 in Fighting
 11601 | D:10     | Entered Level 10 of the Dungeon
 11744 | D:10     | Reached **** piety under Makhleb
 12144 | D:10     | Found an ancient bone altar of Kikubaaqudgha.
 12541 | D:9      | Reached skill level 12 in Fighting
 12733 | D:9      | Reached XP level 11. HP: 83/114 MP: 13/13
 12863 | D:9      | Got a twitching bone ring
 12867 | D:9      | Identified the ring "Baelorer" {rPois rCorr MP+9 Int+3}
                  | (You found it on level 9 of the Dungeon)
 13265 | D:9      | Reached ***** piety under Makhleb
 13510 | D:8      | Found Horranis's Jewellery Emporium.
 14400 | D:9      | Reached skill level 13 in Fighting
 14402 | D:9      | Noticed a necromancer
 14418 | D:9      | Killed from afar by a necromancer

Illustrated notes

Levels and vault maps discovered:
D:1:      ncdulo_watergridlock, layout_rooms
D:2:      layout_loops_ring, grunt_temple_overflow_order_and_chaos_2,
          minmay_distorted
D:3:      layout_loops_ring, general_overflow_altar,
          nicolae_tso_swordbearing_angel, uniq_sigmund
D:4:      layout_rooms, grunt_gozag_breadcrumbs, minmay_divided_ellipse
D:5:      layout_loops_corners, minmay_pentangle
D:6:      layout_gridville, gammafunk_temple_overflow_wave, old_standard_altar,
          minmay_manual_macuahuitl
D:7:      layout_loops_ring, kennysheep_little_box,
          minmay_temple_entry_poolview, roderic_serpentine_path, fedhas_altar_2
D:8:      layout_basic, grunt_dithmenos_smoke, serial_shops, shop,
          kennysheep_island_fort
D:9:      hangedman_screamer, layout_small_grid, enter_bailey_4
D:10:     layout_loops_cross, basic_altar, minmay_tree_intersection
D:11:     layout_stronghold, lair_entry_dummy, david_orc_2, basic_altar

Skill      XL: |  1  2  3  4  5  6  7  8  9 10 11 |
---------------+----------------------------------+-----
Necromancy     | 5 6 7 8 |  8.0
Evocations     | 1 3 4 5 |  5.0
Fighting       | 2 4 8 9 12 13 | 13.0
Shields        | 4 |  4.0
Maces & Flails | 4 |  4.0
Armour         | 5 |  5.0
Dodging        | |  2.1
Stealth        | |  2.4
Spellcasting   | |  1.7

Action                   |  1- 3 |  4- 6 |  7- 9 | 10-12 || total
-------------------------+-------+-------+-------+-------++-------
Melee: Unarmed           |    12 |       |       |       ||    12
       Mace              |       |    52 |   487 |   707 ||  1246
 Cast: Pain              |    85 |    18 |    15 |       ||   118
       Vampiric Draining |       |    28 |    73 |    36 ||   137
 Abil: Heal Wounds       |       |       |       |     2 ||     2
Evoke: Wand              |       |     8 |       |    11 ||    19
  Use: Scroll            |       |     5 |    17 |     4 ||    26
 Stab: Distracted        |       |     1 |       |       ||     1
Armor: Robe              |     2 |    20 |    58 |       ||    80
       Ring mail         |     4 |     4 |       |       ||     8
       Chain mail        |       |       |   339 |   547 ||   886
Dodge: Dodged            |    12 |    44 |   315 |   418 ||   789
Block: Buckler           |       |       |   154 |   177 ||   331

Table legend: (Time is in decaauts)
 A = Elapsed time spent in this place.
 B = Non-inter-level travel time spent in this place.
 C = Inter-level travel time spent in this place.
 D = Time resting spent in this place.
 E = Time spent auto-exploring this place.
 F = Levels seen in this place.
 G = Mean time per level.
                   A        B        C        D        E       F      G
               +--------+--------+--------+--------+--------+-----+--------+
         Total |  14807 |  14457 |    350 |    704 |   9811 |  11 | 1346.1 |
       Dungeon |  14807 |  14457 |    350 |    704 |   9811 |  11 | 1346.1 |
               +--------+--------+--------+--------+--------+-----+--------+

Top non-repeatable levels by time:
    D:11: 1951 daAuts
     D:5: 1760 daAuts
     D:7: 1570 daAuts
     D:8: 1444 daAuts
     D:9: 1388 daAuts
     D:3: 1331 daAuts
     D:2: 1226 daAuts
     D:4: 1164 daAuts
     D:6: 1104 daAuts
     D:1: 958 daAuts
    D:10: 906 daAuts
